 Dungeon Crawl Stone Soup version 0.25-a0-413-g3b4b6a4ccc (webtiles) character file.

Game seed: 13018293132586153133, levelgen mode: deterministic

3201 Borgoz the Skirmisher (level 9, -4/87 HPs)
             Began as a Gargoyle Gladiator on Jan 14, 2020.
             Was a Priest of Okawaru.
             Slain by a hellwing (6 damage)
             ... on level 7 of the Dungeon.
             The game lasted 00:15:19 (6059 turns).

Borgoz the Skirmisher (Gargoyle Gladiator)          Turns: 6059, Time: 00:15:20

Health: -4/87      AC: 24    Str: 18 (20) XL:     9   Next: 96%
Magic:  9/9        EV:  2    Int:  8 (11) God:    Okawaru [***...]
Gold:   328        SH:  3    Dex:  9 (12) Spells: 8/8 levels left

rFire    + . .     SeeInvis .   a - +1 flail (crush)
rCold    . . .     Gourm    .   (no shield)
rNeg     + + +     Faith    .   (armour currently unavailable)
rPois    ∞         Spirit   .   (helmet currently unavailable)
rElec    .         Reflect  +   (cloak currently unavailable)
rCorr    +         Harm     .   (gloves currently unavailable)
MR       +....     NoTele   +   (boots currently unavailable)
Stlth    +.........             m - +3 amulet of reflection
HPRegen  0.24/turn              w - ring of resist corrosion
MPRegen  0.11/turn              y - ring of protection from fire

@: tree-form (expiring), hasted, very quick
A: clever 1, magic resistance 1, negative energy resistance 1, petrification
resistance, rot immunity, AC +6
a: Heroism, Renounce Religion


You were on level 7 of the Dungeon.
You worshipped Okawaru.
Okawaru was most pleased with you.
You were not hungry.
You were a tree.
You visited 2 branches of the dungeon, and saw 8 of its levels.

You collected 328 gold pieces.

Inventory:

Hand Weapons
 a - a +1 flail of crushing (weapon)
 b - the +8 whip of the Fox {drain, rC+ rN+ Int-2 Dex+4}
   (You took it off a big kobold on level 3 of the Dungeon)

   A truly terrible weapon, it drains the life of those it strikes.
   It affects your intelligence (-2).
   It affects your dexterity (+4).
   It protects you from cold.
   It protects you from negative energy.
Armour
 h - a +0 pair of boots (melded)
 q - a +0 cloak (melded)
 z - +0 ice dragon scales
 C - a +1 helmet (melded)
 F - a +1 scale mail of magic resistance (melded)
Jewellery
 c - an uncursed ring of positive energy
 m - a +3 amulet of reflection (around neck)
 r - an uncursed amulet of harm
 w - a ring of resist corrosion (left branch)
 y - a ring of protection from fire (right branch)
Wands
 s - a wand of acid (23)
 D - a wand of random effects (22)
 E - a wand of disintegration (14)
Scrolls
 e - 2 scrolls of fog {unknown}
 i - 8 scrolls of remove curse {unknown}
 n - 7 scrolls of teleportation {unknown}
 o - a scroll of amnesia {unknown}
 t - a scroll of enchant armour {unknown}
 u - 3 scrolls of random uselessness {unknown}
 v - 2 scrolls of blinking {unknown}
 x - a scroll of noise {unknown}
 H - a scroll of holy word {unknown}
 I - a scroll of immolation {unknown}
Potions
 k - a potion of resistance
 l - 2 potions of flight
 p - a potion of lignification
 B - a potion of degeneration
 G - a potion of haste
 J - a potion of heal wounds {unknown}
Comestibles
 f - 9 rations


   Skills:
 + Level 7.7 Fighting
 + Level 7.4 Maces & Flails
 - Level 1.7 Throwing
 + Level 7.3 Armour
 + Level 6.2 Dodging


You had 8 spell levels left.
You didn't know any spells.
Your spell library was empty.

Dungeon Overview and Level Annotations

Branches:
Dungeon (7/15)             Temple (1/1) D:6

Altars:
Cheibriados
Dithmenos
Fedhas
Gozag
Nemelex Xobeh
Okawaru
Ru
Trog
Uskayaw
Xom
Yredelemnul
Zin
The Shining One


Innate Abilities, Weirdness & Mutations

You are resistant to torment.
((Your stone body is resilient. (AC +6)))
You are immune to poison.
You resist negative energy. (rN+)
((You are resistant to electric shocks. (rElec)))
((You can survive without breathing.))
You are immune to petrification.
You are immune to rotting.
((You have sharp toenails.))
Your mind is acute. (Int +2)
You are resistant to hostile enchantments. (MR+)


Message History

The hellwing is heavily wounded.
The hellwing hits you but does no damage. x2
The shadow imp hits you but does no damage.
You hit the hellwing but do no damage.
The hellwing is heavily wounded.
The hellwing hits you.
* * * LOW HITPOINT WARNING * * *
The hellwing hits you.
* * * LOW HITPOINT WARNING * * *
A shadow imp comes into view.
It was a potion of degeneration.
There was something very wrong with that liquid.
You feel weakened.
You feel dopey.
You feel clumsy.
The shadow imp shouts!
The shadow imp hits you but does no damage.
It was a potion of mutation.
You feel extremely strange.
You feel resistant to hostile enchantments.
Your toenails lengthen and sharpen.
You feel clever.
Something hits the withered plant.
The hellwing hits you.
You die...

#.# #.# ###.##..#.# #.#
#.# #.......#.# #.####
#.# #.#.###.#.#
......##.# #.#.# #.#.#
P......#.# #.#.# #.#.#
..P......# #.#.###.#.#
...P.P. #.........#
P.....Z######...###.###
?....Z4Z5♣4....(##...##
?.5..ZZ######.#.#.....##
..P..8# #.#........#
....8. #.##.......#
..... ######.##.......#
..8.. ................##
.... ###.########...##
.... ##.## #.#


You could see 2 hellwings, 2 shadow imps, a wyvern zombie, 3 centaur warrior
zombies and a centaur warrior skeleton.

Vanquished Creatures
  A wolf spider zombie (D:7)
  The ghost of Guilu the Slasher, a novice DsAK of Lugonu (D:4)
  Sigmund (D:2)
  Eustachio (D:5)
  The ghost of Yorgos the Shield-Bearer, an amateur GnFi (D:3)
  A hungry ghost (D:4)
  An ice beast (D:5)
  2 black bears
  A phantom (D:6)
  A centaur (D:6)
  3 ogres
  A bullfrog (D:6)
  2 big kobolds (D:3)
  4 howler monkeys
  2 bullfrog zombies (D:4)
  2 quasits
  2 crimson imps
  A centaur skeleton (D:5)
  2 hounds
  2 orc priests (D:6)
  Crazy Yiuf (D:2)
  5 orc wizards
  An iguana (D:5)
  Terence (D:2)
  3 worker ants
  Robin (D:4)
  4 gnolls (D:3)
  7 adders
  A shadow imp (D:7)
  2 oozes
  An adder skeleton (D:5)
  2 worms
  2 dart slugs
  A leopard gecko (D:1)
  12 orcs
  3 bats
  8 giant cockroaches
  2 gnoll zombies (D:2)
  17 goblins
  10 hobgoblins
  7 jackals
  2 quokkas
  2 ball pythons
  A frilled lizard (D:1)
  A giant cockroach zombie (D:5)
  A jackal zombie (D:4)
  12 kobolds
  7 rats
  A fungus (D:2)
150 creatures vanquished.

Vanquished Creatures (others)
  2 kobolds (D:3)
2 creatures vanquished.

Grand Total: 152 creatures vanquished

Notes
Turn   | Place    | Note
-------+----------+-------------------------------------------
     0 | D:1      | Borgoz the Gargoyle Gladiator began the quest for the Orb.
     0 | D:1      | Reached XP level 1. HP: 12/12 MP: 1/1
   120 | D:1      | Reached XP level 2. HP: 18/18 MP: 2/2
   480 | D:1      | Reached skill level 1 in Armour
   684 | D:1      | Reached XP level 3. HP: 21/22 MP: 3/3
  1053 | D:2      | Noticed Sigmund
  1086 | D:2      | Killed Sigmund
  1086 | D:2      | Reached XP level 4. HP: 25/29 MP: 4/4
  1086 | D:2      | Reached XP level 5. HP: 29/33 MP: 5/5
  1107 | D:2      | Found a basalt altar of Yredelemnul.
  1483 | D:2      | Noticed Terence
  1492 | D:2      | Killed Terence
  1492 | D:2      | Reached XP level 6. HP: 38/38 MP: 6/6
  1711 | D:2      | Found a runed translucent door.
  1712 | D:2      | Noticed Crazy Yiuf
  1716 | D:2      | Killed Crazy Yiuf
  2054 | D:3      | Found a runed translucent gate.
  2054 | D:3      | Found a runed translucent gate.
  2054 | D:3      | Noticed Yorgos's ghost (amateur GnFi)
  2056 | D:3      | Found a runed translucent gate.
  2056 | D:3      | Identified the +8 whip of the Fox {drain, rC+ rN+ Int-2
                  | Dex+4}
  2781 | D:4      | Found a transporter.
  2781 | D:4      | Noticed Guilu's ghost (novice DsAK)
  2786 | D:4      | Found a transporter.
  2790 | D:4      | Noticed a hungry ghost
  2878 | D:4      | Found a blossoming altar of Fedhas.
  2905 | D:4      | Reached XP level 7. HP: 44/44 MP: 7/7
  3001 | D:4      | Noticed Robin
  3027 | D:4      | Killed Robin
  3216 | D:5      | Entered Level 5 of the Dungeon
  3432 | D:5      | Found a glowing golden altar of the Shining One.
  3474 | D:5      | Found an iron altar of Okawaru.
  3565 | D:5      | Became a worshipper of Warmaster Okawaru
  3588 | D:5      | Reached skill level 5 in Maces & Flails
  3619 | D:5      | Noticed Eustachio
  3625 | D:5      | Reached skill level 5 in Fighting
  3638 | D:5      | Killed Eustachio
  3638 | D:5      | Reached * piety under Okawaru
  3638 | D:5      | Reached XP level 8. HP: 40/49 MP: 8/8
  4097 | D:6      | Reached skill level 5 in Armour
  4330 | D:6      | Found a staircase to the Ecumenical Temple.
  4360 | Temple   | Entered the Ecumenical Temple
  4385 | D:6      | Reached skill level 5 in Dodging
  4398 | D:6      | Reached ** piety under Okawaru
  4427 | D:6      | Found a sacrificial altar of Ru.
  4427 | D:6      | Found a shimmering altar of Xom.
  4428 | D:6      | Found an opulent altar of Gozag.
  4428 | D:6      | Found a snail-covered altar of Cheibriados.
  4429 | D:6      | Found a sparkling altar of Nemelex Xobeh.
  4430 | D:6      | Found a hide-covered altar of Uskayaw.
  4704 | D:6      | Reached XP level 9. HP: 55/56 MP: 9/9
  5253 | D:3      | Killed Yorgos's ghost
  5473 | D:4      | Killed Guilu's ghost
  5494 | D:4      | Reached *** piety under Okawaru
  5740 | D:7      | Found a shadowy altar of Dithmenos.
  6004 | D:7      | Noticed a hellwing
  6051 | D:7      | Noticed a hellwing
  6057 | D:7      | HP: 1/87 [hellwing (6)]
  6059 | D:7      | Gained mutation: You are resistant to hostile enchantments.
                  | (MR+) [potion of mutation]
  6059 | D:7      | Gained mutation: You have sharp toenails. [potion of
                  | mutation]
  6059 | D:7      | Gained mutation: Your mind is acute. (Int +2) [potion of
                  | mutation]
  6059 | D:7      | Slain by a hellwing

Levels and vault maps discovered:
D:1:      lightli_arrival_boilingwater, layout_loops_corners
D:2:      layout_loops_ring, lemuel_zombie_altar_yredelemnul, chequers_garden,
          kennysheep_big_empty_room, uniq_sigmund, uniq_crazy_yiuf_cottage,
          uniq_terence
D:3:      layout_loops_ring, gammafunk_ghost_nasty_kobolds
D:4:      layout_gridville, kennysheep_mini_moat, gammafunk_ghost_mausoleum,
          minmay_misc_feat_doors, minmay_misc_feat_iff, uniq_robin
D:5:      layout_gridville, overflow_temple_1_default, basic_altar,
          first_ration, uniq_eustachio
D:6:      layout_loops_ring, grunt_temple_overflow_open,
          minmay_temple_entry_purple_smoke
D:7:      cheibrodos_grave_circle, layout_loops_ring, overflow_temple_1_default
Temple:   dpeg_chambers_temple

Skill      XL: |  1  2  3  4  5  6  7  8  9 |
---------------+----------------------------+-----
Armour         | 1 2 3 4 5 7 |  7.3
Fighting       | 3 4 5 6 7 |  7.7
Maces & Flails | 4 5 6 7 |  7.4
Dodging        | 3 4 5 6 |  6.2
Throwing       | |  1.7

Action                   |  1- 3 |  4- 6 |  7- 9 || total
-------------------------+-------+-------+-------++-------
Melee: Flail             |    87 |   109 |   257 ||   453
       Whip              |       |       |   106 ||   106
Throw: Throwing net      |       |       |     3 ||     3
Invok: Heroism           |       |       |     1 ||     1
  Use: Scroll            |     3 |     2 |     1 ||     6
       Potion            |     2 |     1 |    11 ||    14
 Stab: Invisible         |     3 |     1 |     5 ||     9
       Held in net/web   |       |       |     1 ||     1
  Eat: Chunk             |     1 |     2 |    10 ||    13
       Ration            |       |     1 |     1 ||     2
Armor: Leather armour    |    32 |       |       ||    32
       Ring mail         |     2 |     4 |       ||     6
       Scale mail        |       |    44 |   213 ||   257
       Skin              |       |       |    91 ||    91
Dodge: Dodged            |    70 |    75 |   249 ||   394
Block: Other             |     5 |     1 |    29 ||    35

Table legend:
 A = Non-vault XP
 B = Vault XP
 C = Vault XP percentage of total XP
 D = Non-vault monster count
 E = Vault monster count
 F = Vault count percentage of total count
                 A         B        C        D         E       F
            +---------+---------+-------+---------+---------+-------
      Total |    2313 |    2260 |  49.4 |     117 |      33 |  22.0
            +---------+---------+-------+---------+---------+-------
        D:1 |      44 |       0 |   0.0 |      24 |       0 |   0.0
        D:2 |      44 |     300 |  87.2 |       9 |       5 |  35.7
        D:3 |      93 |     388 |  80.7 |      23 |       9 |  28.1
        D:4 |     136 |     728 |  84.3 |      10 |      16 |  61.5
        D:5 |     610 |     203 |  25.0 |      16 |       1 |   5.9
        D:6 |     944 |       0 |   0.0 |      23 |       0 |   0.0
        D:7 |     442 |     641 |  59.2 |      12 |       2 |  14.3
            +---------+---------+-------+---------+---------+-------
